 Dungeon Crawl Stone Soup version 0.27-a0-1586-gd5c625afe7 (webtiles) character file.

Game seed: 3731600753281595142

806 HAL9000 the Covert (level 7, 0/34 HPs)
             Began as a Vine Stalker Brigand on July 18, 2021.
             Was an Initiate of Dithmenos.
             Slain by a gnoll shaman (4 damage)
             ... on level 5 of the Dungeon.
             The game lasted 00:05:31 (5292 turns).

HAL9000 the Covert (Vine Stalker Brigand)           Turns: 5292, Time: 00:05:31

Health: 0/34       AC:  7    Str: 15    XL:     7   Next: 91%
Magic:  0/8        EV: 11    Int: 11    God:    Dithmenos [......]
Gold:   201        SH:  5    Dex: 16    Spells: 6/6 levels left

rFire    + . .     SeeInvis .   u - +2 rapier (speed)
rCold    . . .     Faith    .   (no shield)
rNeg     . . .     Spirit   +   b - +0 robe
rPois    .         Reflect  +   p - +2 helmet
rElec    .         Harm     .   c - +0 cloak
rCorr    .         Rampage  .   (no gloves)
Will     .....                  t - +0 pair of boots
Stlth    ++++......             o - amulet of reflection
HPRegen  1.11/turn              g - ring of flight
MPRegen  0.11/turn              y - ring of protection from fire

@: flying
A: fangs 2, regeneration 1, magic shield, antimagic bite, no potion heal 2
a: Renounce Religion


You were on level 5 of the Dungeon.
You worshipped Dithmenos.
Dithmenos was noncommittal.
You visited 2 branches of the dungeon, and saw 6 of its levels.

You collected 291 gold pieces.
You spent 90 gold pieces at shops.

Inventory:

Hand Weapons
 a - a +2 dagger
 u - a +2 rapier of speed (weapon)
Missiles
 d - 6 poisoned darts
 e - 2 curare-tipped darts (quivered)
 q - 43 sling bullets
Armour
 b - a +0 robe (worn)
 c - a +0 cloak (worn)
 p - a +2 helmet (worn)
 t - a +0 pair of boots (worn)
Jewellery
 g - a ring of flight (left hand)
 o - an amulet of reflection (around neck)
 y - a ring of protection from fire (right hand)
Wands
 w - a wand of charming (8)
Scrolls
 f - a scroll of identify
 i - 3 scrolls of fog {unknown}
 m - 2 scrolls of torment {unknown}
 s - a scroll of magic mapping {unknown}
 v - a scroll of amnesia {unknown}
 x - 3 scrolls of fear {unknown}
 A - a scroll of teleportation {unknown}
Potions
 h - 2 potions of mutation
 j - a potion of resistance
 k - 3 potions of haste
 l - 2 potions of attraction
 r - a potion of cancellation {unknown}
 z - 2 potions of flight {unknown}


   Skills:
 - Level 1.7 Fighting
 + Level 4.9 Short Blades
 - Level 3.2 Throwing
 - Level 0.7 Dodging
 - Level 9.4 Stealth


You had 6 spell levels left.
You didn't know any spells.
Your spell library contained the following spells:

 Spells                   Type           Power      Damage    Failure   Level
 Gell's Gravitas          Tloc           0%         N/A       71%         3
 Lesser Beckoning         Tloc           0%         N/A       71%         3
 Teleport Other           Tloc           0%         N/A       71%         3


Dungeon Overview and Level Annotations

Branches:
Dungeon (5/15)             Temple (1/1) D:4

Altars:
Ashenzari
Cheibriados
Dithmenos
Elyvilon
Fedhas
Hepliaklqana
Kikubaaqudgha
Makhleb
Nemelex Xobeh
Okawaru
Qazlal
Ru
Sif Muna
Trog
Uskayaw
Vehumet
Wu Jian
Xom
Yredelemnul
Zin
The Shining One

Shops:
D:1 (   D:5 ?

Annotations:
D:4 1 runed translucent door, Conn's ghost, amateur OpFE
D:5 Pikel


Innate Abilities, Weirdness & Mutations

You have extremely sharp teeth.
Your natural rate of healing is unusually fast.
When hurt, damage is shared between your health and your magic reserves.
Your bite disrupts and absorbs the magic of your enemies.
Potions cannot restore your health.


Message History

A lemure comes into view.
The orc hits you but does no damage.
A sky beast appears from thin air!
Reactivating autopickup.
The sky beast hits you. The sky beast shocks you. The orc closely misses you.
The centaur unwields a +0 shortbow.
The centaur hits you but does no damage.
The centaur kicks you but does no damage.
The centaur wields a +0 shortbow.
The centaur shoots an arrow.
You reflect the arrow off an invisible shield around you!
The arrow barely misses the centaur.
The arrow hits the orc!
You kill the orc!
Dithmenos accepts your kill. The orc closely misses you.
The centaur shoots an arrow.
You reflect the arrow off an invisible shield around you!
The arrow hits the centaur.
The orc priest looks braver for a moment.
Okay, then.
Okay, then.
The centaur shoots an arrow.
The arrow hits you.
The centaur shoots an arrow.
The arrow barely misses you.
You hear a shout!
The centaur shoots an arrow.
The arrow hits you!
A gnoll comes into view. It is wielding a +0 club.
Blink to where?
Press: ? - help, Dir - move target 4 gnolls and a gnoll shaman come into view.
As you read the scroll of blinking, it crumbles to dust.
The gnoll shouts! x3; You hear an angry hiss.
You hear a shout!
An adder comes into view.
The gnoll hits you from afar with a +0 halberd!
* * * LOW HITPOINT WARNING * * *
The gnoll moves out of view.
The adder moves out of view.
The gnoll hits you but does no damage.
The gnoll shaman hits you with a +0 whip!
* * * LOW HITPOINT WARNING * * *
There is a stone staircase leading up here.
The gnoll shouts!
The gnoll shaman hits you with a +0 whip.
You die...

....o.c.......# ....).
....KWY..o....######...... #
....#######..og.........# #..# #
.K..# ####.....S....###...###
...W##########....g....... .....#
....##..................## #...#
....##..........gg.....## #..#
....##.........gg#####.#######..#
....###.........@####............
....# #..........+ ........####.#
:...# #..........####............
....# #....................≈.≈##.
##### #........(..........≈≈.≈≈#.
###########.........≈≈∩≈≈##
#.........≈≈≈≈≈##
#..........≈≈≈...
###........#####.


You could see a gnoll shaman, 5 gnolls, an adder and an orc.

Vanquished Creatures
  Eustachio (D:4)
  A black bear (D:4)
  An ogre (D:4)
  A phantom (D:5)
  A water moccasin skeleton (D:5)
  A jelly (D:4)
  An iguana (D:4)
  An orc wizard (D:4)
  Ijyb (D:4)
  3 hound skeletons (D:4)
  Robin (D:3)
  9 adders
  An ufetubus (D:4)
  2 worms (D:3)
  5 dart slugs
  11 orcs
  11 endoplasms
  3 giant cockroaches
  7 goblins
  10 hobgoblins
  7 jackals
  4 quokkas
  10 ball pythons
  9 bats
  5 frilled lizards
  8 kobolds
  6 rats
121 creatures vanquished.

Notes
Turn   | Place    | Note
-------+----------+-------------------------------------------
     0 | D:1      | HAL9000 the Vine Stalker Brigand began the quest for the
                  | Orb.
     0 | D:1      | Reached XP level 1. HP: 11/11 MP: 2/2
   266 | D:1      | Reached XP level 2. HP: 6/15 MP: 1/3
  1006 | D:1      | Reached XP level 3. HP: 18/18 MP: 4/4
  1122 | D:1      | Found Gaejom's Antique Weapon Boutique.
  1401 | D:2      | Reached skill level 5 in Stealth
  1411 | D:2      | Found a shimmering blue altar of Sif Muna.
  1455 | D:2      | Found a faded altar of an unknown god.
  1612 | D:2      | Gained mutation: Your natural rate of healing is unusually
                  | fast. [Vine Stalker growth]
  1612 | D:2      | Reached XP level 4. HP: 22/23 MP: 5/5
  1885 | D:2      | Reached skill level 6 in Stealth
  2531 | D:3      | Noticed Robin
  2542 | D:3      | Reached XP level 5. HP: 22/26 MP: 6/6
  2560 | D:3      | Killed Robin
  2628 | D:3      | Reached skill level 7 in Stealth
  3137 | D:4      | Reached skill level 8 in Stealth
  3137 | D:4      | Reached XP level 6. HP: 30/30 MP: 4/7
  3170 | D:4      | Found a staircase to the Ecumenical Temple.
  3255 | D:4      | Noticed Eustachio
  3263 | Temple   | Entered the Ecumenical Temple
  3961 | Temple   | Became a worshipper of Dithmenos the Shadowed
  4013 | D:4      | Killed Eustachio
  4014 | D:4      | Reached skill level 9 in Stealth
  4324 | D:4      | Reached XP level 7. HP: 34/34 MP: 8/8
  4401 | D:4      | Found a runed translucent door.
  4404 | D:4      | Noticed Conn's ghost (amateur OpFE)
  4553 | D:4      | Noticed Ijyb
  4560 | D:4      | Killed Ijyb
  5072 | D:5      | Entered Level 5 of the Dungeon
  5114 | D:5      | Found Leitubb's Magic Scroll Boutique.
  5142 | D:5      | Bought a scroll of blinking for 90 gold pieces
  5272 | D:5      | Noticed Pikel
  5290 | D:5      | HP: 1/34 [gnoll shaman (9)]
  5292 | D:5      | Slain by a gnoll shaman

Illustrated notes

Levels and vault maps discovered:
D:1:      dpeg_arrival_long_road, layout_loops_corners, serial_shops, shop
D:2:      layout_rooms, basic_altar, shapermc_ecumenical_altar_totnotflames
D:3:      minmay_bubble_buster, layout_basic, kennysheep_generic_room_14,
          uniq_robin
D:4:      layout_basic, minmay_temple_entry_slanted,
          ebering_ghost_reflecting_pool, minmay_pentangle, uniq_eustachio,
          uniq_ijyb
D:5:      layout_basic, serial_shops, shop, nicolae_shop_waterfront,
          kennysheep_mini_moat, shop_statue, shop_fountains, uniq_pikel,
          uniq_grinder, uniq_menkaure
Temple:   nicolae_temple_the_god_donut

Skill      XL: |  1  2  3  4  5  6  7 |
---------------+----------------------+-----
Throwing       | 2 3 |  3.2
Stealth        | 5 6 8 9 |  9.4
Short Blades   | 2 4 |  4.9
Fighting       | |  1.7
Dodging        | |  0.7

Action                   |  1- 3 |  4- 6 |  7- 9 || total
-------------------------+-------+-------+-------++-------
Melee: Dagger            |    75 |   210 |    29 ||   314
       Bite              |    19 |    51 |    17 ||    87
       Rapier            |       |    19 |    28 ||    47
Throw: Dart              |     3 |    21 |       ||    24
  Use: Scroll            |       |       |     6 ||     6
 Stab: Sleeping          |    10 |    17 |     9 ||    36
Armor: Robe              |    17 |    60 |    18 ||    95
Dodge: Dodged            |    48 |   127 |    20 ||   195
Block: Other             |       |    17 |     8 ||    25
       Reflection        |       |       |     2 ||     2

Table legend: (Time is in decaauts)
 A = Elapsed time spent in this place.
 B = Non-inter-level travel time spent in this place.
 C = Inter-level travel time spent in this place.
 D = Time resting spent in this place.
 E = Time spent auto-exploring this place.
 F = Levels seen in this place.
 G = Mean time per level.
                   A        B        C        D        E       F      G
               +--------+--------+--------+--------+--------+-----+--------+
         Total |   5239 |   5062 |    177 |    288 |   3917 |   6 |  873.2 |
       Dungeon |   4505 |   4379 |    126 |    288 |   3247 |   5 |  901.0 |
        Temple |    733 |    682 |     51 |      0 |    670 |   1 |  733.0 |
               +--------+--------+--------+--------+--------+-----+--------+

Top non-repeatable levels by time:
     D:1: 1388 daAuts
     D:4: 1279 daAuts
     D:3: 1050 daAuts
  Temple: 733 daAuts
     D:2: 582 daAuts
     D:5: 205 daAuts
